AoeStats
← CORP_Arthas VII

MegaRandom

509019361Analyzed
2v2 RM · 9d ago on Sep 25, 2026· 56m 46s· 4 players
Game mode
Random Map
Map size
Medium (4 player)
Population
200
Speed
Normal
Resources
Standard
Victory
Conquest
Starting age
Dark Age
Ending age
Imperial Age
RankedLock teamsTeams togetherTeam positionsShared explorationLock speedFull tech treeHidden civsTurbo modeCheats
Victory
Defeat
🇦🇷 Bengalis · Argentina
1386
+15
🇦🇷 Turks · Argentina
1365
+15
🇲🇽 Maya · Mexico
1416
-17
🇲🇽 Berbers · Mexico
1294
-13
MF | NataliaMx
6:30 Loom
9:06 Feudal Age
9:46 Double-Bit Axe
18:27 Town Watch
19:18 Wheelbarrow
22:48 Castle Age
21:16 Gold Mining
21:14 Horse Collar
22:17 Scale Barding Armor
22:24 Bloodlines
24:00 Chain Barding Armor
23:32 Light Cavalry
31:39 Forging
34:28 Bow Saw
35:51 Husbandry
38:17 Iron Casting
40:39 Hand Cart
43:04 Imperial Age
41:57 Pikeman
42:39 Squires
43:27 Cavalier
44:50 Scale Mail Armor
45:20 Hussar
50:44 Elite Skirmisher
51:17 Fletching
51:28 Padded Archer Armor
52:41 Capped Ram
54:07 Leather Archer Armor
53:47 Bodkin Arrow
54:33 Kasbah
54:57 Conscription
57:04 Chemistry
56:25 Ballistics
MF | Teddy_Bear
7:19 Loom
9:38 Feudal Age
10:25 Double-Bit Axe
13:08 Forging
14:14 Scale Mail Armor
21:23 Castle Age
21:32 Eagle Warrior
22:46 Chain Mail Armor
23:06 Iron Casting
26:37 Town Watch
29:39 Arson
29:55 Squires
33:16 Wheelbarrow
32:41 Town Patrol
32:31 Horse Collar
33:46 Fletching
33:56 Padded Archer Armor
37:04 Hand Cart
40:53 Imperial Age
40:12 Herbal Medicine
40:51 Bodkin Arrow
41:15 Elite Eagle Warrior
41:46 Capped Ram
43:35 Blast Furnace
43:29 Conscription
44:13 Siege Ram
46:54 Plate Mail Armor
48:39 Holcans
48:29 Conscription
CORP_PysKo InKa-RreaBle
8:22 Loom
10:41 Feudal Age
16:54 Fletching
18:52 Double-Bit Axe
24:33 Castle Age
22:48 Gold Mining
24:13 Town Watch
25:27 Wheelbarrow
25:09 Padded Archer Armor
25:09 Bodkin Arrow
24:49 Crossbowman
27:59 Ballistics
29:14 Bow Saw
31:11 Man-at-Arms
31:37 Gambesons
33:38 Gold Shaft Mining
32:53 Stone Mining
33:46 Horse Collar
34:09 Scale Mail Armor
34:20 Forging
35:25 Leather Archer Armor
35:26 Chain Mail Armor
34:33 Long Swordsman
39:17 Imperial Age
37:16 Squires
37:02 Arson
37:28 Pikeman
39:07 Iron Casting
39:10 Hand Cart
40:42 Conscription
39:58 Two-Handed Swordsman
41:06 Arbalester
41:55 Bracer
42:56 Blast Furnace
44:02 Chemistry
45:25 Stone Mining
45:55 Paiks
46:02 Halberdier
46:59 Heavy Plow
48:39 Champion
55:14 Elite Elephant Archer
CORP_Arthas VII
3:33 Loom
10:35 Feudal Age
14:13 Double-Bit Axe
18:24 Forging
26:25 Castle Age
25:07 Bloodlines
26:08 Scale Barding Armor
35:48 Husbandry
39:00 Iron Casting
40:00 Town Watch
44:10 Horse Collar
49:10 Padded Archer Armor
51:08 Scale Mail Armor
51:14 Heavy Plow
58:52 Imperial Age
57:19 Chain Barding Armor
57:54 Wheelbarrow
Connection lost

Rejoining the realm…

Still unreachable

The connection could not be restored.

Session expired

The server has moved on; the page needs a fresh start.